 Dungeon Crawl Stone Soup version 0.28-a0-390-gb254ac4902 (webtiles) character file.

Game seed: 16913438827253920286

446 robertstho the Magician (level 7, -6/49 HPs)
             Began as a Djinni Fire Elementalist on Sept 3, 2021.
             Mangled by a gnoll (7 damage)
             ... on level 5 of the Dungeon.
             The game lasted 00:07:11 (5665 turns).

robertstho the Magician (Djinni Fire Elementalist)  Turns: 5665, Time: 00:07:12

Health: -6/49      AC:  6    Str:  7    XL:     7   Next: 24%
Gold:   179        EV: 12    Int: 19    God:
                   SH:  0    Dex: 13

rFire   + + .      SeeInvis .   p - +1 broad axe (elec)
rCold   x . .      Faith    .   (no shield)
rNeg    . . .      Spirit   .   a - +0 robe
rPois   ∞          Reflect  .   (no helmet)
rElec   .          Harm     .   h - +2 cloak
rCorr   .          Rampage  .   r - +0 pair of gloves
Will    +....                   (boots unavailable)
Stlth   ++........              (no amulet)
HPRegen 0.16/turn               e - ring of willpower
MPRegen 0.00/turn               (no ring)

@: attractive, flying
A: sickness immunity, fire resistance 2, cold vulnerability 1, float, innate
caster, hp casting, extra vitality 1
a: no special abilities


You were on level 5 of the Dungeon.
You visited 1 branch of the dungeon, and saw 5 of its levels.

You collected 179 gold pieces.

Inventory:

Hand Weapons
 p - a +1 broad axe of electrocution (weapon)
Armour
 a - a +0 robe (worn)
 h - a +2 cloak (worn)
 r - a +0 pair of gloves (worn)
Jewellery
 e - a ring of willpower (left hand)
Wands
 v - a wand of paralysis (9)
Scrolls
 c - 2 scrolls of teleportation
 g - a scroll of fog {unknown}
 j - a scroll of summoning {unknown}
 k - a scroll of blinking {unknown}
 s - a scroll of noise {unknown}
 u - a scroll of brand weapon
Potions
 b - a potion of cancellation
 m - a potion of brilliance {unknown}
 n - 2 potions of attraction
 o - a potion of lignification {unknown}
 q - a potion of might


   Skills:
 * Level 2.0 Fighting
 + Level 2.8 Dodging
 + Level 2.0 Stealth
 * Level 5.3 Spellcasting


You couldn't memorise any spells.
You knew the following spells:

 Your Spells              Type           Power      Damage    Failure   Level
a - Foxfire               Conj/Fire      100%       2x1d9     1%          1
b - Scorch                Fire           50%        2d8       1%          2
c - Conjure Flame         Conj/Fire      25%        6-21      4%          3
d - Inner Flame           Hex/Fire       25%        N/A       4%          3
e - Flame Wave            Conj/Fire      25%        3d6       13%         4
f - Summon Small Mammal   Summ           100%       N/A       1%          1
g - Call Imp              Summ           25%        N/A       1%          2
h - Dazzling Flash        Conj/Hex       50%        N/A       4%          3
Your spell library was empty.

Dungeon Overview and Level Annotations

Branches:
Dungeon (5/15)
 Temple: D:4-7

Altars:
Makhleb

Annotations:
D:4 Pikel


Innate Abilities, Weirdness & Mutations

You are immune to sickness and miasma.
You are immune to poison.
Your flesh is very heat resistant. (rF++)
You are vulnerable to cold. (rC-)
You float through the air rather than walking.
You learn spells naturally, not from books.
Your magical power is your life essence.
You have superior vitality. (+4 HP)


Message History

Casting: Foxfire (safe; 1% risk of failure)
Press: ? - help, Q - select action, (/) - cycle Dir - look around, f - activate You conjure some foxfire!
The foxfire hits the gnoll shaman but does no damage.
The gnoll shaman is moderately wounded.
The foxfire hits the gnoll shaman but does no damage.
The gnoll shaman is moderately wounded.
Casting: Foxfire (safe; 1% risk of failure)
Press: ? - help, Q - select action, (/) - cycle Dir - look around, f - activate You conjure some foxfire!
The foxfire hits the gnoll shaman but does no damage.
The gnoll shaman is moderately wounded.
The foxfire hits the gnoll shaman.
The gnoll shaman is heavily wounded.
Casting: Foxfire (safe; 1% risk of failure)
Press: ? - help, Q - select action, (/) - cycle Dir - look around, f - activate You conjure some foxfire!
The foxfire hits the gnoll shaman.
The gnoll shaman is severely wounded.
The kobold demonologist casts a spell.
Casting: Foxfire (safe; 1% risk of failure)
Confirm with . or Enter, or press ? or * to list all spells.
Casting: Dazzling Flash (dangerous; 4% risk of failure)
Press: ? - help, Dir - look around, f - activate The gnoll is dazzled.
The gnoll shaman is dazzled.
* * * LOW HITPOINT WARNING * * *
The gnoll misses you.
Unknown command.
You hit the gnoll shaman but do no damage.
The gnoll shaman is severely wounded.
You hit the gnoll but do no damage.
The gnoll shaman hits you with a +0 whip!
* * * LOW HITPOINT WARNING * * *
The gnoll hits you with a +0 whip.
* * * LOW HITPOINT WARNING * * *
The gnoll shaman barely misses you.
It was a potion of attraction.
You feel attractive to monsters.
The gnoll is no longer blind.
The gnoll hits you with a +0 whip!
You die...

###############
#@gw.5K55......
#g#####.#####.
#.# #.# #.#
##.#####.. #.#
#.wo...... ###
#.g####o.#
#........#
###g##.###.#
+.....(.##.


You could see a kobold demonologist, a gnoll shaman (blind), a worm, an iron imp
(summoned), a gnoll and 2 white imps.

Vanquished Creatures
  Sigmund (D:3)
  An orc wizard (D:4)
  Terence (D:3)
  Robin (D:4)
  6 adders
  6 gnolls
  A worm (D:2)
  2 dart slugs (D:2)
  9 orcs
  8 ball pythons
  6 endoplasms
  4 giant cockroaches
  22 goblins
  11 hobgoblins
  A quokka (D:1)
  7 bats
  5 kobolds
  7 rats
99 creatures vanquished.

Vanquished Creatures (others)
  411 foxfires
411 creatures vanquished.

Grand Total: 510 creatures vanquished

Notes
Turn   | Place    | Note
-------+----------+-------------------------------------------
     0 | D:1      | robertstho the Djinni Fire Elementalist began the quest for
                  | the Orb.
     0 | D:1      | Reached XP level 1. HP: 15/15 MP: 0/0
     2 | D:1      | Noticed a demonspawn
     2 | D:1      | Noticed a draconian
     4 | D:1      | Noticed a spriggan
     4 | D:1      | Noticed a vine stalker
     7 | D:1      | Noticed a tengu
     7 | D:1      | Noticed a minotaur
     9 | D:1      | Noticed a ghoul
    11 | D:1      | Noticed a barachi
    11 | D:1      | Noticed a gargoyle
    13 | D:1      | Noticed a formicid
    13 | D:1      | Noticed a dwarf
    15 | D:1      | Noticed a felid
    15 | D:1      | Noticed a vampire
    17 | D:1      | Noticed a human
    17 | D:1      | Noticed a merfolk
    19 | D:1      | Noticed an elf
    19 | D:1      | Noticed an ogre
    21 | D:1      | Noticed a palentonga
    23 | D:1      | Noticed a naga
    25 | D:1      | Noticed a demigod
    25 | D:1      | Noticed an octopode
    27 | D:1      | Noticed a troll
    27 | D:1      | Noticed a djinni
   421 | D:1      | Reached XP level 2. HP: 14/21 MP: 0/0
   851 | D:1      | Reached skill level 3 in Spellcasting
  1067 | D:1      | Found a faded altar of an unknown god.
  1075 | D:1      | Reached XP level 3. HP: 23/26 MP: 0/0
  1075 | D:1      | Learned a level 1 spell: Summon Small Mammal
  2273 | D:2      | Reached XP level 4. HP: 28/31 MP: 0/0
  3910 | D:3      | Noticed Terence
  3913 | D:3      | Killed Terence
  3914 | D:3      | Reached skill level 1 in Fighting
  3914 | D:3      | Reached skill level 4 in Spellcasting
  3914 | D:3      | Reached XP level 5. HP: 30/37 MP: 0/0
  3914 | D:3      | Learned a level 2 spell: Call Imp
  4029 | D:3      | Noticed Sigmund
  4034 | D:3      | Killed Sigmund
  4035 | D:3      | Reached XP level 6. HP: 34/42 MP: 0/0
  4243 | D:3      | Reached skill level 5 in Spellcasting
  4947 | D:4      | Reached XP level 7. HP: 34/48 MP: 0/0
  4947 | D:4      | Learned a level 3 spell: Dazzling Flash
  5170 | D:4      | Found a burning altar of Makhleb.
  5212 | D:4      | Noticed Robin
  5215 | D:4      | Killed Robin
  5517 | D:4      | Noticed Pikel
  5540 | D:4      | Identified a scroll of acquirement
  5541 | D:4      | Acquired a +1 broad axe of electrocution
  5623 | D:5      | Entered Level 5 of the Dungeon
  5625 | D:5      | Noticed a kobold demonologist
  5664 | D:5      | HP: 1/49 [gnoll (4)]
  5665 | D:5      | Mangled by a gnoll

Illustrated notes

Levels and vault maps discovered:
D:1:      kb_arrival_jail, layout_rooms, ebering_ecumenical_altar_mist
D:2:      layout_loops_corners, grunt_ministairs_4, hangedman_decor_riveting,
          corner_web_ring, kennysheep_generic_room_13
D:3:      layout_loops_cross, grunt_ministairs_2, minmay_misc_feat_pillars,
          uniq_sigmund, uniq_terence
D:4:      layout_basic, old_standard_altar, slow_altar_2,
          chequers_hall_statues_wall_a, uniq_ijyb, uniq_robin, uniq_edmund,
          uniq_pikel
D:5:      layout_loops_ring, kennysheep_little_box, minmay_temple_entry_statues,
          gammafunk_ghost_split

Skill      XL: |  1  2  3  4  5  6  7 |
---------------+----------------------+-----
Spellcasting   | 3 4 5 |  5.3
Fighting       | 1 2 |  2.0
Stealth        | 2 |  2.0
Dodging        | |  2.8

Action                   |  1- 3 |  4- 6 |  7- 9 || total
-------------------------+-------+-------+-------++-------
Melee: Rapier            |       |     6 |       ||     6
       Broad axe         |       |       |     2 ||     2
 Cast: Foxfire           |   111 |    82 |    62 ||   255
       Scorch            |       |    27 |       ||    27
       Dazzling Flash    |       |       |     3 ||     3
  Use: Scroll            |       |     2 |     6 ||     8
       Potion            |       |     2 |     1 ||     3
Armor: Robe              |     2 |    14 |     1 ||    17
Dodge: Dodged            |     8 |    24 |    13 ||    45

Table legend: (Time is in decaauts)
 A = Elapsed time spent in this place.
 B = Non-inter-level travel time spent in this place.
 C = Inter-level travel time spent in this place.
 D = Time resting spent in this place.
 E = Time spent auto-exploring this place.
 F = Levels seen in this place.
 G = Mean time per level.
                   A        B        C        D        E       F      G
               +--------+--------+--------+--------+--------+-----+--------+
         Total |   5665 |   5570 |     95 |     52 |   4816 |   5 | 1133.0 |
       Dungeon |   5665 |   5570 |     95 |     52 |   4816 |   5 | 1133.0 |
               +--------+--------+--------+--------+--------+-----+--------+

Top non-repeatable levels by time:
     D:2: 2007 daAuts
     D:1: 1513 daAuts
     D:3: 1363 daAuts
     D:4: 737 daAuts
     D:5: 43 daAuts
